 Dungeon Crawl Stone Soup version 0.30-a0-371-gad7725a93e (webtiles) character file.

Game seed: 1251139058063272095

14 lunkers the Digger (level 2, -2/20 HPs)
             Began as a Meteoran Earth Elementalist on Nov 22, 2022.
             Slain by Terence
             ... wielding a +0 short sword of freezing
              (4 damage)
             ... on level 2 of the Dungeon.
             The game lasted 00:00:50 (127 turns).

lunkers the Digger (Meteoran Earth Elementalist)     Turns: 127, Time: 00:00:50

Health: -2/20      AC:  3    Str:  9    XL:     2   Next: 76%
Magic:  3/7        EV: 12    Int: 16    God:
Gold:   18         SH:  5    Dex: 14    Spells: 6/7 levels left

rFire   . . .      SeeInvis .    (no weapon)
rCold   . . .      Faith    .    (no shield)
rNeg    . . .      Spirit   .    a - +0 robe
rPois   .          Reflect  +    (no helmet)
rElec   .          Harm     .    (no cloak)
rCorr   .          Rampage  .    h - +0 pair of gloves
Will    .....                    (no boots)
Stlth   +.........               f - amulet of reflection
HPRegen 0.23/turn                e - ring of wizardry
MPRegen 0.10/turn                (no ring)

@: glowing
A: sense surroundings 1, otherworldly, glowing, explore regen
a: no special abilities


You were on level 2 of the Dungeon.
You visited 1 branch of the dungeon, and saw 2 of its levels.

You collected 18 gold pieces.

Inventory:

Armour
 a - a +0 robe (worn)
 h - a +0 pair of gloves (worn)
Jewellery
 e - a ring of wizardry (left hand)
 f - an amulet of reflection (around neck)
Scrolls
 c - a scroll of magic mapping {unknown}
 g - a scroll of identify {unknown}
Potions
 b - a potion of magic
 d - a potion of curing {unknown}


   Skills:
 - Level 2.4 Dodging
 - Level 1.4 Stealth
 + Level 3.1 Spellcasting
 - Level 1.2 Transmutations
 * Level 4.3 Earth Magic


You had 6 spell levels left.
You knew the following spells:

 Your Spells              Type           Power      Damage    Failure   Level
a - Sandblast             Erth           32%        2d9       1%          1

Your spell library contained the following spells:

 Spells                   Type           Power      Damage    Failure   Level
 Passwall                 Tmut/Erth      9%         N/A       3%          2
 Stone Arrow              Conj/Erth      18%        3d8       9%          3
 Petrify                  Tmut/Erth      11%        N/A       24%         4


Dungeon Overview and Level Annotations

Branches:
Dungeon (2/15) Zot: 1062

Altars:

Annotations:
D:2 Terence


Innate Abilities, Weirdness & Mutations

You passively map a small area around you.
You are easily found by Zot.
You glow in the dark.
You regain HP and MP as you explore.


Message History

Press: ? - help, Q - select action Shift-Dir - straight line, f/p - Terence
Aim: Terence, wielding a +0 short sword of freezing and wearing a +0 chain mail (87% to hit)
The blast of sand hits Terence but does no damage.
The quokka bites you but does no damage.
Terence hits you with a +0 short sword of freezing.
Terence freezes you. The quokka barely misses you.
Terence hits you but does no damage.
A hobgoblin comes into view.
Aiming: Sandblast (safe; 1% risk of failure)
Press: ? - help, Q - select action Shift-Dir - straight line, f/p - Terence
Aim: Terence, wielding a +0 short sword of freezing and wearing a +0 chain mail (87% to hit)
The blast of sand hits Terence but does no damage.
You block the quokka's attack.
Terence hits you with a +0 short sword of freezing.
Terence freezes you.
The quokka bites you but does no damage.
Aiming: Sandblast (safe; 1% risk of failure)
Press: ? - help, Q - select action Shift-Dir - straight line, f/p - Terence
Aim: Terence, wielding a +0 short sword of freezing and wearing a +0 chain mail (87% to hit)
The blast of sand hits Terence but does no damage.
The quokka barely misses you.
Terence hits you with a +0 short sword of freezing.
* * * LOW HITPOINT WARNING * * *
Terence freezes you.
* * * LOW HITPOINT WARNING * * *
The quokka bites you.
* * * LOW HITPOINT WARNING * * *
Terence hits you with a +0 short sword of freezing.
* * * LOW HITPOINT WARNING * * *
Terence freezes you.
* * * LOW HITPOINT WARNING * * *
Aiming: Sandblast (safe; 1% risk of failure)
Press: ? - help, Q - select action Shift-Dir - straight line, f/p - Terence
Aim: Terence, wielding a +0 short sword of freezing and wearing a +0 chain mail (87% to hit)
The blast of sand hits Terence.
Terence is moderately wounded.
The quokka bites you but does no damage.
Terence looks scornfully at you.
Terence hits you with a +0 short sword of freezing.
You die...

* , * * , #.
#...#########
#...g@@r....#
###########.#
, * * * * *
*** ** , , ,
, * , , , , *


You could see Terence, a quokka and a hobgoblin.

Vanquished Creatures
  2 ball pythons (D:1)
  A bat (D:1)
  2 endoplasms (D:1)
  2 goblins (D:1)
  A hobgoblin (D:1)
  2 frilled lizards (D:1)
  2 rats (D:1)
12 creatures vanquished.

Notes
Turn   | Place    | Note
-------+----------+-------------------------------------------
     0 | D:1      | lunkers the Meteoran Earth Elementalist began the quest for
                  | the Orb.
     0 | D:1      | Reached XP level 1. HP: 14/14 MP: 5/5
    46 | D:1      | Reached skill level 4 in Earth Magic
    46 | D:1      | Reached XP level 2. HP: 19/20 MP: 2/6
   122 | D:2      | Noticed Terence
   127 | D:2      | Slain by Terence

Illustrated notes

Levels and vault maps discovered:
D:1:      minmay_arrival_stair_chambers, layout_rooms, kennysheep_pointless_box
D:2:      layout_loops_ring, grunt_decor_fettered,
          amcnicky_mini_corridor_feature, minmay_indecisive_spiral, uniq_terence

Skill      XL: |  1  2 |
---------------+-------+-----
Earth Magic    | 4 |  4.3
Spellcasting   | 3 |  3.1
Dodging        | |  2.4
Stealth        | |  1.4
Transmutations | |  1.2

Action                   || total
-------------------------++-------
 Cast: Sandblast         ||    20
Armor: Robe              ||     5
Dodge: Dodged            ||     5
Block: Other             ||     1

Table legend: (Time is in decaauts)
 A = Elapsed time spent in this place.
 B = Non-inter-level travel time spent in this place.
 C = Inter-level travel time spent in this place.
 D = Time resting spent in this place.
 E = Time spent auto-exploring this place.
 F = Levels seen in this place.
 G = Mean time per level.
                   A        B        C        D        E       F      G
               +--------+--------+--------+--------+--------+-----+--------+
         Total |    135 |    135 |      0 |      0 |     49 |   2 |   67.5 |
       Dungeon |    135 |    135 |      0 |      0 |     49 |   2 |   67.5 |
               +--------+--------+--------+--------+--------+-----+--------+

Top non-repeatable levels by time:
     D:1: 129 daAuts
     D:2: 6 daAuts
